 Seeded DCSS version 0.30-a0-269-gf0224bf7b6 (webtiles) character file.

Game seed: 4030536004999934454 (custom seed)

39 hikkokomori the Ruffian (level 3, -2/33 HPs)
             Began as a Troll Transmuter on Oct 15, 2022.
             Killed from afar by Natasha (6 damage)
             ... with a magic dart
             ... on level 2 of the Dungeon.
             The game lasted 00:02:17 (919 turns).

hikkokomori the Ruffian (Troll Transmuter)           Turns: 919, Time: 00:02:18

Health: -2/33      AC:  4    Str: 18    XL:     3   Next: 28%
Magic:  3/3        EV:  9    Int: 11    God:
Gold:   1421       SH:  0    Dex: 10    Spells: 3/4 levels left

rFire   . . .      SeeInvis .      - Unarmed
rCold   . . .      Faith    .    (no shield)
rNeg    . . .      Spirit   .    a - +0 robe
rPois   .          Reflect  .    (helmet restricted)
rElec   .          Harm     .    (no cloak)
rCorr   .          Rampage  .    (gloves unavailable)
Will    .....                    (boots unavailable)
Stlth   +.........               (no amulet)
HPRegen 1.05/turn                (no ring)
MPRegen 0.08/turn                (no ring)

@: no status effects
A: large, unfitting armour, claws 3, regeneration 1, shaggy fur 1, tough skin 1
a: no special abilities


You were on level 2 of the Dungeon.
You visited 1 branch of the dungeon, and saw 2 of its levels.

You collected 1421 gold pieces.

Inventory:

Armour
 a - a +0 robe (worn)
Scrolls
 e - 2 scrolls of teleportation {unknown}
 g - a scroll of identify {unknown}
Potions
 b - a potion of lignification
 c - a potion of haste {unknown}
 d - a potion of degeneration {unknown}
 h - a potion of invisibility {unknown}
 i - a potion of brilliance {unknown}


   Skills:
 + Level 1.5 Fighting
 - Level 1.5 Dodging
 + Level 3.5 Unarmed Combat
 - Level 1.2 Spellcasting
 + Level 2.0 Transmutations


You had 3 spell levels left.
You knew the following spells:

 Your Spells              Type           Power      Damage    Failure   Level
a - Beastly Appendage     Tmut           10%        N/A       14%         1

Your spell library contained the following spells:

 Spells                   Type           Power      Damage    Failure   Level
 Wereblood                Tmut           5%         N/A       22%         2
 Spider Form              Tmut/Pois      2%         N/A       54%         3
 Ice Form                 Ice/Tmut       2%         N/A       91%         4


Dungeon Overview and Level Annotations

Branches:
Dungeon (2/15)

Altars:

Shops:
D:2 *

Annotations:
D:2 Natasha


Innate Abilities, Weirdness & Mutations

You are too large for most types of armour.
You have claws for hands.
Your natural rate of healing is unusually fast.
You are covered in fur. (AC +1)
You have tough skin. (AC +1)


Message History

You are too injured to fight recklessly!
You are too injured to fight recklessly!
You are too injured to fight recklessly!
You are too injured to fight recklessly!
You are too injured to fight recklessly!
You are too injured to fight recklessly!
You are too injured to fight recklessly!
You are too injured to fight recklessly!
You are too injured to fight recklessly!
You are too injured to fight recklessly!
You are too injured to fight recklessly!
You are too injured to fight recklessly!
You are too injured to fight recklessly!
You are too injured to fight recklessly!
You are too injured to fight recklessly!
You are too injured to fight recklessly!
You are too injured to fight recklessly!
You are too injured to fight recklessly!
You are too injured to fight recklessly!
You are too injured to fight recklessly!
Unknown command.
You barely miss Natasha. Natasha barely misses you.
The crimson imp hits you but does no damage.
You closely miss Natasha. The shadow imp hits you. Natasha claws you.
The crimson imp hits you but does no damage.
You closely miss Natasha. The shadow imp gestures at you.
Pain shoots through your body!
Natasha stares at you and mumbles some strange words.
The magic dart hits you.
* * * LOW HITPOINT WARNING * * *
The crimson imp misses you.
Unknown command.
You claw Natasha!
Natasha is almost dead.
The shadow imp hits you.
* * * LOW HITPOINT WARNING * * *
Natasha stares at you and mumbles some strange words.
The magic dart hits you.
You die...

#.......# ..
###.......# ...
......P..#....
.###..P∩P..#....
......PP.......
............. ..
#......5.##....
#55h..../.
#.##.#.@##.....
#......<# J..
#.##.##.# . #.
#.. # #..# ...#
.### . ..


You could see Natasha, a crimson imp (summoned) and 2 shadow imps.

Vanquished Creatures
  4 dart slugs (D:1)
  A ball python (D:1)
  2 endoplasms (D:1)
  A giant cockroach (D:1)
  A hobgoblin (D:1)
  5 jackals (D:1)
  A kobold (D:1)
  2 quokkas (D:1)
  2 bats (D:1)
  4 frilled lizards (D:1)
  3 goblins (D:1)
  4 rats
30 creatures vanquished.

Notes
Turn   | Place    | Note
-------+----------+-------------------------------------------
     0 | D:1      | hikkokomori the Troll Transmuter began the quest for the
                  | Orb.
     0 | D:1      | Reached XP level 1. HP: 18/18 MP: 1/1
    47 | D:1      | Reached skill level 1 in Fighting
    80 | D:1      | Reached XP level 2. HP: 27/27 MP: 2/2
   400 | D:1      | Reached XP level 3. HP: 33/33 MP: 3/3
   894 | D:2      | Found Xieff's Assorted Antiques.
   895 | D:2      | Noticed Natasha
   908 | D:1      | Identified 2 scrolls of acquirement
   908 | D:1      | Acquired 679 gold pieces
   909 | D:1      | Acquired 705 gold pieces
   919 | D:2      | Killed from afar by Natasha

Illustrated notes

Levels and vault maps discovered:
D:1:      dpeg_arrival_leaves_temple_mockup, layout_basic, interstate_on_off
D:2:      layout_rooms, shapermc_ecumenical_altar_notcrosses, serial_shops,
          nicolae_shop_overgrown_old_shop, basic_altar, grunt_ministairs_12,
          patterned_corridor, uniq_natasha, uniq_jessica

Skill      XL: |  1  2  3 |
---------------+----------+-----
Fighting       | 1 |  1.5
Transmutations | 2 |  2.0
Dodging        | |  1.5
Unarmed Combat | |  3.5
Spellcasting   | |  1.2

Action                   || total
-------------------------++-------
Melee: Unarmed           ||    80
       Punch             ||     2
  Use: Scroll            ||     2
Armor: Robe              ||    23
Dodge: Dodged            ||    29

Table legend: (Time is in decaauts)
 A = Elapsed time spent in this place.
 B = Non-inter-level travel time spent in this place.
 C = Inter-level travel time spent in this place.
 D = Time resting spent in this place.
 E = Time spent auto-exploring this place.
 F = Levels seen in this place.
 G = Mean time per level.
                   A        B        C        D        E       F      G
               +--------+--------+--------+--------+--------+-----+--------+
         Total |    915 |    915 |      0 |      0 |    735 |   2 |  457.5 |
       Dungeon |    915 |    915 |      0 |      0 |    735 |   2 |  457.5 |
               +--------+--------+--------+--------+--------+-----+--------+

Top non-repeatable levels by time:
     D:1: 896 daAuts
     D:2: 19 daAuts
